 Dungeon Crawl Stone Soup version 0.28-a0-1143-gcf6077d4cc (webtiles) character file.

Game seed: 12715096197458821449

1 ytrimaz the Shield-Bearer (level 1, 18/18 HPs)
             Began as a Formicid Fighter on Dec 13, 2021.
             Quit the game on level 1 of the Dungeon.
             The game lasted 00:00:13 (34 turns).

ytrimaz the Shield-Bearer (Formicid Fighter)          Turns: 34, Time: 00:00:14

Health: 18/18      AC:  6    Str: 20    XL:     1   Next: 22%
Magic:  1/1        EV:  9    Int:  7    God:
Gold:   0          SH:  4    Dex: 10    Spells: 0/0 levels left

rFire   . . .      SeeInvis +   a - +0 war axe
rCold   . . .      Faith    .   c - +0 buckler
rNeg    . . .      Spirit   .   b - +0 scale mail
rPois   .          Reflect  .   (helmet unavailable)
rElec   .          Harm     .   (no cloak)
rCorr   .          Rampage  .   (no gloves)
Will    .....                   (no boots)
Stlth   ..........              (no amulet)
HPRegen 0.06/turn               (no ring)
MPRegen 0.07/turn               (no ring)

@: no status effects
A: permanent stasis, dig shafts and tunnels, antennae 3, four strong arms
a: Dig, Shaft Self


You were on level 1 of the Dungeon.
You visited 1 branch of the dungeon, and saw 1 of its levels.

Inventory:

Hand Weapons
 a - a +0 war axe (weapon)
Armour
 b - a +0 scale mail (worn)
 c - a +0 buckler (worn)
Potions
 d - a potion of might


   Skills:
 + Level 3.3 Fighting
 + Level 2.0 Axes
 + Level 3.3 Armour
 * Level 3.6 Shields


You couldn't memorise any spells.
You didn't know any spells.
Your spell library was empty.

Dungeon Overview and Level Annotations

Branches:
Dungeon (1/15)

Altars:


Innate Abilities, Weirdness & Mutations

You cannot be hasted, slowed, berserked, paralysed or teleported.
You can dig through walls and to a lower floor.
You have a pair of large antennae on your head. (SInv)
Your four strong arms can wield two-handed weapons with a shield.


Message History

Welcome, ytrimaz the Formicid Fighter.
Will you be the one to retrieve the awesome Orb of Zot from the depths?
Press ? for a list of commands and other information.
Found a staircase leading out of the dungeon.
Unknown command.
You open the door.
There is an open door here.
There is an open door here.
You open the door.
There is an open door here.
Found an escape hatch in the floor.
A frilled lizard comes into view.
A frilled lizard is nearby!
A frilled lizard is nearby!
A frilled lizard is nearby!
A bat comes into view.
Found 12 gold pieces.
The bat barely misses you.
You miss the frilled lizard. You miss the bat. The bat barely misses you.
The bat hits you.
The frilled lizard bites you but does no damage.
The frilled lizard barely misses you.
You closely miss the frilled lizard. The bat hits you but does no damage.
The frilled lizard closely misses you.
You slash the frilled lizard!
You kill the frilled lizard!
The bat hits you but does no damage.
You miss the bat. The bat barely misses you.
Unknown command.
A bat is nearby!
You closely miss the bat. The bat closely misses you.
You block the bat's attack.
A bat is nearby!
You hit the bat.
You kill the bat!
Are you sure you want to abandon this character and quit the game? (Confirm with "yes".)

#$...... #......
###.....# #.......#
#.......# #+#.......#
..........#
.......@..#
..........#
#+##...>..###### ###
#...........#######.#
#...######..#..<..#.#
#... #..#.....'.#
#... #..#..8..#.#
#... #..#.....+.# #..
#..#.....#.#


There were no monsters in sight!

Vanquished Creatures
  A bat (D:1)
  A frilled lizard (D:1)
2 creatures vanquished.

Notes
Turn   | Place    | Note
-------+----------+-------------------------------------------
     0 | D:1      | ytrimaz the Formicid Fighter began the quest for the Orb.
     0 | D:1      | Reached XP level 1. HP: 18/18 MP: 1/1
    34 | D:1      | Quit the game

Illustrated notes

Levels and vault maps discovered:
D:1:      minmay_arrival_solitary_statue, layout_basic, serial_shops,
          shop_statue

Action                   || total
-------------------------++-------
Melee: War axe           ||     6
Armor: Scale mail        ||     3
Dodge: Dodged            ||     6
Block: Buckler           ||     1

Table legend: (Time is in decaauts)
 A = Elapsed time spent in this place.
 B = Non-inter-level travel time spent in this place.
 C = Inter-level travel time spent in this place.
 D = Time resting spent in this place.
 E = Time spent auto-exploring this place.
 F = Levels seen in this place.
 G = Mean time per level.
                   A        B        C        D        E       F      G
               +--------+--------+--------+--------+--------+-----+--------+
         Total |     36 |     36 |      0 |      0 |     23 |   1 |   36.0 |
       Dungeon |     36 |     36 |      0 |      0 |     23 |   1 |   36.0 |
               +--------+--------+--------+--------+--------+-----+--------+

Top non-repeatable levels by time:
     D:1: 36 daAuts
